 Dungeon Crawl Stone Soup version 0.31.0-11-ge490571c62 (webtiles) character file.

Game seed: 13627936892867975790

39 qw the Shooter (level 3, -3/20 HPs)
             Began as a Deep Elf Hunter on Feb 4, 2024.
             Slain by a black bear (8 damage)
             ... on level 2 of the Dungeon.
             The game lasted 00:00:04 (1397 turns).

qw the Shooter (Deep Elf Hunter)                    Turns: 1397, Time: 00:00:05

Health: -3/20      AC:  6    Str: 10    XL:     3   Next: 28%
Magic:  5/5        EV: 11    Int: 13    God:
Gold:   136        SH:  0    Dex: 18    Spells: 2/2 levels left

rFire   . . .        a - +0 shortbow
rCold   . . .        (shield currently unavailable)
rNeg    . . .        i - +0 ring mail
rPois   +            f - +0 helmet
rElec   .            (no cloak)
rCorr   .            (no gloves)
SInv    .            (no boots)
Will    .....        (no amulet)
Stlth   +            b - ring of poison resistance
HPRegen 0.23/turn    (no ring)
MPRegen 0.09/turn

%: no passive effects
@: hasted, very quick
A: no striking features
a: no special abilities


You were on level 2 of the Dungeon.
You visited 1 branch of the dungeon, and saw 3 of its levels.

You collected 136 gold pieces.


   Skills:
 - Level 1.5 Fighting
 + Level 6.9 Ranged Weapons
 - Level 2.4 Dodging
 - Level 1.2 Stealth


You had 2 spell levels left.
You didn't know any spells.
Your spell library was empty.

Inventory:

Hand Weapons
 a - a +0 shortbow (weapon)
Armour
 f - a +0 helmet (worn)
 i - a +0 ring mail (worn)
Jewellery
 b - a ring of poison resistance (left hand)
Potions
 d - a potion of haste
 g - a potion of curing

Dungeon Overview and Level Annotations

Branches:
Dungeon (3/15)

Altars:


Message History

Waypoint 2 assigned to D:3.
1385 ||| DRINKING 2 potions of haste.
You feel yourself speed up.
You shoot an arrow. The arrow hits the black bear!
The black bear is moderately wounded.
You hear an angry hiss.
An adder comes into view.
You shoot an arrow. The arrow hits the black bear.
The black bear is moderately wounded.
You shoot an arrow. The arrow hits the black bear.
The black bear is heavily wounded.
1389 ||| STAIRDANCE The black bear bites you.
The black bear closely misses you.
The black bear claws you but does no damage.
You climb upwards.
There is a stone staircase leading down here.
You shoot an arrow. The arrow hits the black bear.
The black bear is heavily wounded.
You shoot an arrow. The arrow hits the black bear.
The black bear is heavily wounded.
The black bear bites you. The black bear claws you.
The black bear claws you but does no damage.
You shoot an arrow. The arrow barely misses the black bear.
The black bear bites you.
The black bear claws you but does no damage. x2
You shoot an arrow.
The arrow hits the black bear but does no damage.
The black bear is heavily wounded.
The black bear bites you but does no damage.
The black bear closely misses you. The black bear claws you.
You shoot an arrow. The arrow hits the black bear!
The black bear is almost dead.
The black bear bites you.
The black bear claws you but does no damage. x2
You shoot an arrow.
The arrow hits the black bear but does no damage.
The black bear is almost dead.
The black bear goes berserk!
You shoot an arrow. The arrow barely misses the black bear.
The black bear bites you!
You die...

.........###.#.#.#.#
..........##.#.#.#.#
......%...##.#.#...#
....#####......#####
...(# ####.....#
....# #...#.# ....#
#...#.#
....########....h#
#..<............@#
#...........######
#...........#
#...........#
............#
#...........#
#...........#
#...........#
............#


You could see a black bear (berserk).

Vanquished Creatures
  A ribbon worm (D:2)
  A dart slug (D:1)
  4 giant cockroaches
  A goblin (D:2)
  3 hobgoblins
  2 quokkas
  2 ball pythons
  6 bats
  A frilled lizard (D:2)
  4 kobolds
  12 rats
37 creatures vanquished.

Notes
Turn   | Place    | Note
-------+----------+-------------------------------------------
     0 | D:1      | qw the Deep Elf Hunter began the quest for the Orb.
     0 | D:1      | Reached XP level 1. HP: 12/12 MP: 3/3
     0 | D:1      | 0 ||| qw: Version: 0.3-a-160-g6735b56
     0 | D:1      | 0 ||| qw: Game counter: 5815
     0 | D:1      | 0 ||| qw: Melee chars always use a shield: true
     0 | D:1      | 0 ||| qw: God list: Okawaru
     0 | D:1      | 0 ||| qw: Allow faded altars: false
     0 | D:1      | 0 ||| qw: Do Orc after clearing Dungeon:15 true
     0 | D:1      | 0 ||| qw: Do second Lair branch before Depths: true
     0 | D:1      | 0 ||| qw: Lair rune preference: random
     0 | D:1      | 0 ||| qw: Goals: Normal
     0 | D:1      | 0 ||| PLANNING D:1-11
   161 | D:1      | Reached XP level 2. HP: 14/16 MP: 4/4
   175 | D:1      | Reached skill level 6 in Ranged Weapons
   180 | D:1      | Found a faded altar of an unknown god.
   613 | D:1      | 613 ||| UPGRADING to +0 ring mail.
   623 | D:1      | 623 ||| DROPPING +0 leather armour.
   624 | D:1      | 624 ||| READING scroll labelled JEIRCHE LIOQ.
   625 | D:1      | 625 ||| READING scroll labelled PAOTIGRIYME.
   626 | D:1      | 626 ||| READING 2 scrolls labelled MYUGRE GIESCH.
   626 | D:1      | 626 ||| IDENTIFYING fizzy coppery potion
   627 | D:1      | 627 ||| READING scroll of identify.
   627 | D:1      | 627 ||| IDENTIFYING 2 fizzy black potions
   628 | D:1      | 628 ||| DROPPING scroll of butterflies.
   629 | D:1      | 629 ||| DROPPING potion of attraction.
   886 | D:2      | Reached XP level 3. HP: 18/20 MP: 5/5
  1316 | D:2      | 1316 ||| UPGRADING to +0 helmet.
  1321 | D:2      | 1321 ||| UPGRADING to ring of poison resistance.
  1322 | D:2      | 1322 ||| READING scroll of identify.
  1322 | D:2      | 1322 ||| IDENTIFYING bubbling amethyst potion
  1323 | D:2      | 1323 ||| DRINKING 2 cyan potions.
  1348 | D:2      | 1348 ||| DROPPING potion of lignification.
  1384 | D:3      | Noticed a black bear
  1385 | D:3      | 1385 ||| DRINKING 2 potions of haste.
  1389 | D:3      | 1389 ||| STAIRDANCE
  1395 | D:2      | HP: 4/20 [black bear (6)]
  1397 | D:2      | Slain by a black bear

Levels and vault maps discovered:
D:1:      evilmike_arrival_home_sweet_home, layout_loops_ring,
          ebering_ecumenical_altar_box
D:2:      layout_basic, minmay_rat_gold_closets
D:3:      layout_loops_cross, grunt_temple_overflow_open,
          chequers_serial_rivers_marsh

Skill      XL: |  1  2 |
---------------+-------+-----
Ranged Weapons | 6 |  6.9
Fighting       | |  1.5
Dodging        | |  2.4
Stealth        | |  1.2

Action                     || total
---------------------------++-------
   Fire: Shortbow          ||   100
    Use: Scroll            ||     5
         Potion            ||     2
 Armour: Leather armour    ||     6
         Ring mail         ||    25
  Dodge: Dodged            ||    23

Table legend:
 A = Non-vault XP
 B = Vault XP
 C = Vault XP percentage of total XP
 D = Non-vault monster count
 E = Vault monster count
 F = Vault count percentage of total count
                 A         B        C        D         E       F
            +---------+---------+-------+---------+---------+-------
      Total |      48 |       9 |  15.8 |      28 |       9 |  24.3
            +---------+---------+-------+---------+---------+-------
        D:1 |      25 |       0 |   0.0 |      15 |       0 |   0.0
        D:2 |      23 |       9 |  28.1 |      13 |       9 |  40.9
            +---------+---------+-------+---------+---------+-------
